[Event "Slovakian-ch Youth 2022"]
[Site "Lubovna"]
[Date "2022.05.23"]
[Round "4.1"]
[White "Zetocha, Adrian"]
[Black "Gyerpal, Adrian"]
[Result "1/2-1/2"]
[ECO "D46"]
[WhiteElo "2331"]
[BlackElo "2171"]
[Annotator "TA"]
[PlyCount "79"]
[EventDate "2022.05.22"]
[EventCountry "SVK"]
[SourceTitle "playchess.com"]
[Source "ChessBase"]
[SourceQuality "1"]
[TimeControl "40/5400+30:1800+30"]

1. d4 d5 2. c4 c6 3. e3 Nf6 4. Nc3 e6 5. Nf3 Nbd7 6. Qc2 Bd6 7. Bd3 O-O 8. O-O dxc4 9. Bxc4 b5 10. Be2 Bb7 11. Rd1 {[%emt 0:00:08] 11.e4 gains popularity.} Qc7 12. e4 e5 {[%emt 0:00:22] D46: Semi-Slav: 5 e3 Nbd7 6 Bd3, Black avoids the Meran.} 13. Bg5 exd4 $1 14. Rxd4 {[%emt 0:00:10] Black should prevent Bxf6.} Ne5 {[%emt 0:00:56] The position is equal.} 15. g3 Bc5 {[%emt 0:00:58] [#] Strongly threatening ...Nxf3+.} 16. Rd2 Nfg4 17. Nd1 Bb4 {[%emt 0:01:00] 17...Bb6 is not played anymore.} 18. Rd4 Ba5 19. Nxe5 $1 Qxe5 20. Rd7 {[%emt 0:00:07] [#] Bf4 is the strong threat.} Bc8 21. Bf4 Qh5 22. Bxg4 {[%emt 0:00:22] Active counter play!} Qxg4 {[%emt 0:00:11] [#]} 23. Rd6 $146 ({Predecessor:} 23. Rd3 Be6 24. a4 Qg6 25. Rd6 Rac8 26. Rxc6 b4 27. Rc1 h6 28. Qd3 Rxc6 29. Rxc6 Qh5 30. Ne3 Qf3 31. Rd6 g5 32. Bxg5 {½-½ (34) Murray,T (2554)-Straka,Z (2556) ICCF email 2014}) 23... Bc7 24. Ne3 Qf3 25. Qxc6 Bxd6 26. Bxd6 Bh3 {[%emt 0:06:30] And now ...Rac8 would win.} 27. Bxf8 Rxf8 (27... Rc8 $1 $14 28. Qd6 (28. Qxb5 Rc2 $14) 28... Rxf8) 28. Rc1 (28. Rd1 $16) 28... h6 $11 29. e5 Qe2 30. Qc2 Qh5 31. f4 Rc8 $1 32. Qd1 Rxc1 33. Qxc1 {[%emt 0:00:02][%mdl 4096] Endgame KQB-KQN} Qe2 34. a3 g6 35. Qc3 a5 36. b4 a4 37. g4 (37. f5 $11 {remains equal.}) 37... Bxg4 $17 38. Nxg4 Qxg4+ 39. Qg3 Qd1+ (39... Qe2 $17) 40. Kg2 {[%emt 0:00:16] Weighted Error Value: White=0.14 (very precise) /Black=0.06 (flawless)} 1/2-1/2

[Event "Slovakian-ch Youth 2022"]
[Site "Lubovna"]
[Date "2022.05.23"]
[Round "4.1"]
[White "Visvader, Kristof"]
[Black "Elias, David"]
[Result "0-1"]
[ECO "B28"]
[WhiteElo "1607"]
[BlackElo "1901"]
[Annotator "TA"]
[PlyCount "114"]
[EventDate "2022.05.22"]
[EventCountry "SVK"]
[SourceTitle "playchess.com"]
[Source "ChessBase"]
[SourceQuality "1"]
[TimeControl "40/5400+30:1800+30"]

1. e4 c5 2. Nf3 a6 3. c3 d5 4. exd5 Qxd5 5. Be2 e5 6. d3 {[%emt 0:04:51] B28: Sicilian: 2 Nf3 a6 (O'Kelly Variation).} (6. d4 {is more complex.} exd4 7. cxd4 cxd4 8. Nc3) 6... Nc6 {[%emt 0:01:25] [#]} 7. Nbd2 $146 ({Predecessor:} 7. O-O Bg4 8. Qa4 Bd7 9. Qc2 Be7 10. Nbd2 b5 11. Ne4 Nf6 12. Rd1 O-O 13. Nfg5 {0-1 (69) Sabotic,A-Rusu Brno 1994}) 7... Bf5 8. Nc4 {[%emt 0:02:11] White is slightly better.} Rd8 9. Ne3 Qd7 10. Nxf5 Qxf5 11. Qb3 b5 (11... Qd7 $14) 12. a4 $16 Na5 13. Qa2 b4 14. cxb4 cxb4 15. Be3 (15. O-O $5 ) 15... Nf6 (15... b3 $5 16. Qb1 Bb4+ 17. Bd2 Bxd2+ 18. Nxd2 Ne7 $11) 16. O-O Nd5 $1 17. Bd2 (17. d4 $5 ) 17... Bc5 18. Rac1 Bb6 19. Rfe1 O-O 20. Bf1 $36 {[%emt 0:04:19][%mdl 2048] White has good play.} Rfe8 21. Re4 Nf4 (21... Qg6 $11) 22. Bxf4 b3 {[%emt 0:00:45] [#]} 23. Qb1 exf4 $14 24. Rce1 Rxe4 25. Rxe4 Qc5 (25... Nc6 $11 {keeps the balance.}) 26. Qe1 g5 (26... g6 $16 {was necessary.}) 27. Re8+ $2 (27. d4 $18 Qd6 28. Nxg5) 27... Rxe8 $11 28. Qxe8+ Kg7 $1 29. Qe5+ (29. d4 $14 {stays ahead.} Qd5 30. Qc8 (30. Bxa6 Bxd4 31. Nxd4 Qxd4 $14)) 29... Qxe5 $17 30. Nxe5 {[%emt 0:00:05][%mdl 4096] Endgame KBN-KBN} Bd4 31. Nc4 Nxc4 32. dxc4 Bxb2 {[%emt 0:01:06] KB-KB. Black is more active.} 33. c5 Bd4 34. Bxa6 Bxc5 35. Bc4 (35. Kf1 $142) 35... b2 36. Bd3 h5 37. Kf1 Kf6 (37... Bb6 $1 $19 38. Ke2 Kf6) 38. f3 (38. a5 $17) 38... Ke5 (38... Bb4 $19 {Threatens to win with ...Ke5.} 39. Ke2 Ke5) 39. Ke2 ({White should try} 39. a5 $15) 39... Kd4 (39... Bb4 $19 {Hoping for ...Kd4.} 40. Bb1 Kd4) 40. a5 $15 Kc3 41. Be4 Kb3 {[%emt 0:01:00] And now ...Ka2 would win.} 42. Bb1 Kc3 43. Be4 Kd4 (43... Kb4 $15) 44. a6 {[%emt 0:00:00] [#]} (44. Bd3 $1 $11) 44... g4 (44... Kc3 $1 $17 45. Bf5 Bd4) 45. h3 Ke5 ({Better is} 45... gxh3 $15 46. gxh3 Kc3) 46. Bd3 f5 47. Bc2 Kf6 {[%emt 0:00:15] aiming for ...Kg5.} 48. Kf1 $2 {[%emt 0:00:00][%mdl 8192] [#]} (48. h4 $11) 48... Kg5 $1 $19 49. Bd3 Kh4 50. fxg4 fxg4 {[%emt 0:01:50] Black mates.} 51. hxg4 hxg4 52. Be4 Kg3 53. Bf5 f3 54. gxf3 Kxf3 55. Bg6 Kg3 56. Ke2 Kh2 57. Kd2 g3 {Weighted Error Value: White=0.56/Black=0.24 (precise)} 0-1

[Event "Slovakian-ch Youth 2022"]
[Site "Lubovna"]
[Date "2022.05.23"]
[Round "4.1"]
[White "Pisarcik, Richard"]
[Black "Mazak, Ryan"]
[Result "1-0"]
[ECO "B01"]
[WhiteElo "1343"]
[BlackElo "1575"]
[Annotator "NA COMBH"]
[PlyCount "87"]
[EventDate "2022.05.22"]
[EventCountry "SVK"]
[SourceTitle "playchess.com"]
[Source "ChessBase"]
[SourceQuality "1"]
[TimeControl "40/5400+30:1800+30"]

1. e4 d5 2. exd5 Nf6 3. Nf3 Qxd5 4. d4 c6 5. Nc3 Qa5 6. Bd2 Qc7 7. Bd3 g6 8. Qe2 Bg7 9. O-O O-O 10. h3 Nd5 11. Nxd5 cxd5 12. Bb4 Nc6 13. Bc3 Bd7 14. Rad1 Rae8 15. b4 Qb6 16. Ne5 Nxe5 17. dxe5 d4 18. Bd2 Bc6 19. Kh2 Qd8 20. b5 Bd5 21. f4 Qc7 22. a4 e6 23. Bb4 Qd8 24. Be4 Bxe4 25. Bxf8 Bxg2 26. Qxg2 Rxf8 27. Qxb7 g5 28. Qe4 Qc7 29. Kh1 Qc3 30. Qg2 Rc8 31. Qf3 Qxf3+ 32. Rxf3 gxf4 33. Rxf4 Rxc2 34. Rg4 h6 35. Rdxd4 Kh7 36. Rd7 Bxe5 37. Rxf7+ Kh8 38. Rf8+ Kh7 39. Rf7+ Kh8 40. Rxa7 Rc1+ 41. Kg2 Rb1 42. Ra6 Bc7 43. Rc4 Be5 44. Ra7 1-0

[Event "Slovakian-ch Youth 2022"]
[Site "Lubovna"]
[Date "2022.05.23"]
[Round "4.2"]
[White "Stevik, Patrik"]
[Black "Turcan, Richard"]
[Result "0-1"]
[ECO "A30"]
[WhiteElo "2249"]
[BlackElo "2278"]
[Annotator "TA"]
[PlyCount "141"]
[EventDate "2022.05.22"]
[EventCountry "SVK"]
[SourceTitle "playchess.com"]
[Source "ChessBase"]
[SourceQuality "1"]
[TimeControl "40/5400+30:1800+30"]

1. Nf3 c5 2. g3 b6 3. Bg2 Bb7 4. O-O Nf6 5. c4 e6 6. Nc3 Be7 7. d4 cxd4 8. Qxd4 O-O 9. Rd1 d6 10. b3 Nbd7 11. Bb2 a6 12. h3 Qc7 13. Rac1 Rac8 {[%emt 0:06:09] A30: Symmetrical English: Double Fianchetto and Hedgehog.} 14. Qf4 Rfd8 15. g4 h6 {[%emt 0:00:55] The position is equal.} 16. h4 Ne5 {[%emt 0:03:06] [#]} 17. Nxe5 $146 ({Predecessor:} 17. g5 Nh5 18. Qe3 hxg5 19. hxg5 Ng4 20. Qd4 f5 21. Na4 Bc6 22. Qxb6 Qxb6 23. Nxb6 Rb8 24. c5 Nf4 25. Bf1 dxc5 26. Nc4 Nd3 27. Rxd3 Rxd3 28. exd3 Bxf3 {½-½ (28) Alvarez Pedraza,A (2476)-Sanchez,S (2397) Bogota 2014}) 17... dxe5 18. Qg3 Bxg2 19. Qxg2 {[%emt 0:00:59] [#]} (19. Kxg2 $11 Rxd1 20. Nxd1) 19... Rd4 $1 $17 20. f3 Rcd8 $36 {[%emt 0:04:28][%mdl 2048] Keeping White busy. Black is more active.} 21. e4 (21. Qg3 $17 {is a better defense.} Rd2 22. Ba1) 21... Bc5 (21... Bb4 $19 {...Bxc3 is the strong threat.} 22. Rxd4 exd4) 22. Kh2 (22. Kf1 $17 {was worth a try.}) 22... Qe7 23. Kh3 Nh7 24. b4 $2 (24. Rxd4 $17 exd4 25. Na4) 24... Bxb4 $19 25. Nd5 exd5 26. Bxd4 exd4 27. Rxd4 (27. cxd5 Bc5 28. Rc2) 27... dxe4 28. Rxe4 Qf6 29. Rc2 Rd3 30. Rf2 Be7 31. Qg3 Bd6 32. Qg2 h5 33. Qf1 hxg4+ 34. Rxg4 Qf5 35. Kg2 {[%emt 0:00:20] [#]} Rxf3 $3 36. Rxg7+ Kxg7 37. Rxf3 Qg4+ 38. Kh1 Qxh4+ 39. Qh3 Qxh3+ 40. Rxh3 f5 41. Kg2 Ng5 42. Rd3 Bc5 {[%emt 0:00:29] White must now prevent ...f4.} 43. Kg3 Kf6 44. Rd8 Nf7 45. Ra8 a5 46. Kf4 Ng5 (46... Bd6+ $142 47. Kf3 Ne5+ 48. Kg3 Nxc4+ 49. Kf3 Ne5+ 50. Kf4 Ng4+ 51. Kf3 Ne5+ 52. Kf4 Nc6+ 53. Kf3 Nb4) 47. Rh8 Ne6+ 48. Kf3 Ke5 {[%emt 0:00:07] Hoping for ...Nd4+.} 49. Re8 a4 50. Rb8 Ng5+ 51. Ke2 Kd4 (51... f4 $142 52. Rb7 f3+ 53. Kf1 Ne4 54. Rf7 f2 55. Kg2 Nd2 56. Kh2 f1=Q 57. Rxf1 Nxf1+ 58. Kg2 Nd2 59. Kh1 a3 60. Kh2 Ne4 61. Kg2 Nc3 62. Kh2 Nxa2 63. Kg3 Nc3 64. Kh4 a2 65. Kg4 a1=Q 66. Kf3 Qf1+ 67. Kg4 Ne4 68. Kh5 Qf5+ 69. Kh6 Bf8#) 52. Rh8 Kxc4 {[%emt 0:00:20] Strongly threatening ...b5.} 53. Rh4+ Bd4 54. Kd1 Kd3 {[%emt 0:00:50] Black mates.} 55. Rf4 Ne4 56. Rxf5 Nc3+ 57. Kc1 a3 58. Rf3+ Be3+ 59. Rxe3+ Kxe3 {[%emt 0:00:03] KN-KP} 60. Kc2 Nb5 61. Kb1 Kd2 62. Ka1 Nd4 63. Kb1 b5 64. Ka1 Kc3 65. Kb1 b4 66. Ka1 b3 67. Kb1 Nf3 68. axb3 Kxb3 69. Ka1 Nd4 70. Kb1 a2+ 71. Ka1 {[%emt 0:00:04] Black took control after the opening.  Weighted Error Value: White=0.83/Black=0.16 (very precise)} 0-1

[Event "Slovakian-ch Youth 2022"]
[Site "Lubovna"]
[Date "2022.05.23"]
[Round "4.2"]
[White "Magda, Filip"]
[Black "Benci, Jozef"]
[Result "1/2-1/2"]
[ECO "A48"]
[WhiteElo "1624"]
[BlackElo "1873"]
[Annotator "NA COMBH"]
[PlyCount "83"]
[EventDate "2022.05.22"]
[EventCountry "SVK"]
[SourceTitle "playchess.com"]
[Source "ChessBase"]
[SourceQuality "1"]
[TimeControl "40/5400+30:1800+30"]

1. d4 Nf6 2. Nf3 g6 3. c4 Bg7 4. g3 c6 5. Bg2 O-O 6. O-O d5 7. Nc3 Bg4 8. cxd5 cxd5 9. Re1 Bxf3 10. Bxf3 Nc6 11. Bg5 Ne4 12. Nxe4 dxe4 13. Bxe4 Qxd4 14. Bxc6 bxc6 15. Bxe7 Qxb2 16. Rb1 Qxa2 17. Bxf8 Rxf8 18. Qb3 Qxb3 19. Rxb3 a5 20. Rc1 a4 21. Rb4 Ra8 22. Rc2 c5 23. Rbc4 a3 24. Ra2 Bb2 25. Rxc5 Rd8 26. Ra5 Re8 27. e3 Kg7 28. R2xa3 Bxa3 29. Rxa3 Rd8 30. Kg2 Rd2 31. Kf3 Rb2 32. e4 Rc2 33. h4 h5 34. Ke3 Rb2 35. f3 Rb4 36. g4 hxg4 37. fxg4 Rb1 38. Kf3 Rh1 39. Kg3 Rg1+ 40. Kf3 Rh1 41. Kg3 Rg1+ 42. Kf3 1/2-1/2

[Event "Slovakian-ch Youth 2022"]
[Site "Lubovna"]
[Date "2022.05.23"]
[Round "4.3"]
[White "Gay, Lukas"]
[Black "Polomsky, Tomas"]
[Result "1-0"]
[ECO "B41"]
[WhiteElo "1480"]
[BlackElo "1467"]
[Annotator "NA COMBH"]
[PlyCount "107"]
[EventDate "2022.05.22"]
[EventCountry "SVK"]
[SourceTitle "playchess.com"]
[Source "ChessBase"]
[SourceQuality "1"]
[TimeControl "40/5400+30:1800+30"]

1. e4 c5 2. Nf3 e6 3. d4 cxd4 4. Nxd4 a6 5. Qf3 Qc7 6. Qg3 Qb6 7. Nb3 g6 8. Bd2 Bg7 9. Bc3 f6 10. Bd3 Kf7 11. N1d2 Nc6 12. Nc4 Qa7 13. Rd1 b5 14. Nd6+ Kf8 15. Be2 Nge7 16. h4 Bb7 17. Nxb7 Qxb7 18. Qd6 Rd8 19. h5 Ke8 20. hxg6 hxg6 21. Rxh8+ Bxh8 22. Qh2 Bg7 23. f3 Qa7 24. Rd3 Kf7 25. f4 Rh8 26. Rh3 Rxh3 27. Qxh3 Qg1+ 28. Bf1 d5 29. Bd2 Qb6 30. Be3 Qc7 31. Nc5 f5 32. Qh7 Qa5+ 33. Kf2 Nd8 34. exf5 Nxf5 35. Nd7 Ke8 36. Ne5 Bxe5 37. fxe5 Ne7 38. Bd3 Qxa2 39. Bc5 Ndc6 40. Bxg6+ Kd7 41. Bxe7 Nxe7 42. Qf7 Qc4 43. Qe8+ Kc7 44. Qxe7+ Kb8 45. Qxe6 Qf4+ 46. Kg1 Qe3+ 47. Kh2 Qh6+ 48. Kg3 Qg5+ 49. Qg4 Qe3+ 50. Kh4 Qe1+ 51. g3 Qh1+ 52. Kg5 Qc1+ 53. Qf4 Qxb2 54. e6+ 1-0

[Event "Slovakian-ch Youth 2022"]
[Site "Lubovna"]
[Date "2022.05.23"]
[Round "4.3"]
[White "Matejka, Simon"]
[Black "Sotnik, Simon"]
[Result "1-0"]
[ECO "D11"]
[WhiteElo "1235"]
[BlackElo "1038"]
[Annotator "NA COMBH"]
[PlyCount "58"]
[EventDate "2022.05.22"]
[EventCountry "SVK"]
[SourceTitle "playchess.com"]
[Source "ChessBase"]
[SourceQuality "1"]
[TimeControl "40/5400+30:1800+30"]

1. d4 d5 2. c4 c6 3. Nf3 Nf6 4. Bf4 Bg4 5. h3 Bxf3 6. exf3 h6 7. Nc3 e6 8. c5 Nbd7 9. b4 b6 10. Ba6 Be7 11. Bb7 Rb8 12. Bxb8 Qxb8 13. Bxc6 bxc5 14. bxc5 O-O 15. Rb1 Qc7 16. Qa4 Rb8 17. Rxb8+ Nxb8 18. Bb5 e5 19. c6 a6 20. Bxa6 Nxc6 21. O-O Nxd4 22. Nb5 Nxb5 23. Bxb5 e4 24. Qa8+ Kh7 25. fxe4 dxe4 26. a4 Qe5 27. Re1 Bd6 28. g3 Nh5 29. Qd8 Qd4 1-0

[Event "Slovakian-ch Youth 2022"]
[Site "Lubovna"]
[Date "2022.05.23"]
[Round "4.4"]
[White "Oruzinsky, Juraj"]
[Black "Pongo, Aron"]
[Result "1-0"]
[ECO "C02"]
[WhiteElo "1656"]
[BlackElo "1566"]
[Annotator "NA COMBH"]
[PlyCount "67"]
[EventDate "2022.05.22"]
[EventCountry "SVK"]
[SourceTitle "playchess.com"]
[Source "ChessBase"]
[SourceQuality "1"]
[TimeControl "40/5400+30:1800+30"]

1. e4 e6 2. d4 d5 3. e5 c5 4. c3 Nc6 5. Nf3 Qb6 6. Be2 cxd4 7. cxd4 Nge7 8. Nc3 Nf5 9. Bb5 Bd7 10. O-O Ncxd4 11. Bxd7+ Kxd7 12. Nxd4 Qxd4 13. Qe2 Qb6 14. Qf3 d4 15. Ne4 Ke8 16. Bg5 h6 17. Bf4 Nh4 18. Qd3 Ng6 19. Bg3 h5 20. h3 h4 21. Bh2 Rh5 22. f4 Rd8 23. Rac1 Be7 24. Kh1 Nf8 25. Rc4 f6 26. Rfc1 fxe5 27. fxe5 Rf5 28. Nd6+ Bxd6 29. exd6 Rf7 30. Rxd4 Qa5 31. Rxh4 Qxa2 32. Qb5+ Rfd7 33. Rf1 Qa6 34. Rh8 1-0

[Event "Slovakian-ch Youth 2022"]
[Site "Lubovna"]
[Date "2022.05.23"]
[Round "4.5"]
[White "Cedzo, Adam"]
[Black "Brnusak, Tomas"]
[Result "0-1"]
[ECO "B41"]
[WhiteElo "1869"]
[BlackElo "2212"]
[Annotator "TA"]
[PlyCount "102"]
[EventDate "2022.05.22"]
[EventCountry "SVK"]
[SourceTitle "playchess.com"]
[Source "ChessBase"]
[SourceQuality "1"]
[TimeControl "40/5400+30:1800+30"]

1. e4 c5 2. Nf3 e6 3. d4 cxd4 4. Nxd4 a6 5. c4 Nf6 6. Nc3 Qc7 7. Qd3 b6 {[%emt 0:04:20] B41: Sicilian: Kan Variation: 5 c4.} 8. Be2 Bb7 9. Be3 d6 {[%emt 0:00:51] White is slightly better.} 10. f3 Nbd7 {[%emt 0:00:36] [#]} 11. a4 $146 ({Predecessor:} 11. b3 Be7 12. g4 O-O 13. g5 Ne5 14. Qd2 Nfd7 15. f4 Nc6 16. O-O-O b5 17. cxb5 Nxd4 18. Bxd4 Bxe4 {0-1 (29) Sokolovsky,Y (2442)-Carlsen,M (2847) chess24.com INT 2021}) 11... Be7 (11... Ne5 $5 12. Qc2 Rc8 $11) 12. a5 ({Better is} 12. Qd2 $11) 12... Nc5 $15 13. Qd1 bxa5 14. Nb3 Nxb3 15. Qxb3 Bc6 {[%emt 0:01:31] Prevents Qa4.} 16. O-O O-O 17. Ra2 Rfb8 18. Qc2 Bd8 19. Rd1 Qe7 20. Bf4 Bc7 21. Rda1 Nd7 22. Bd2 Nc5 23. Ra3 Rb7 24. Nd1 Rab8 25. Be3 Nb3 {[%emt 0:06:41] Black is more active.} 26. R1a2 (26. Rb1 $17) 26... Qf6 27. Bd3 {[%emt 0:04:17] [#]} Bb6 $1 28. Bxb6 (28. Qf2 Bxe3) 28... Rxb6 29. Nc3 Qg5 {[%emt 0:02:54] aiming for ...Qe3+.} 30. Ne2 (30. Nd1 $142) 30... Qe3+ 31. Kf1 g5 (31... Nd2+ $2 32. Ke1 Nb3 33. Qc3 $19) 32. Qc3 e5 (32... Nd2+ 33. Ke1 Nb3 34. Bc2 Qxc3+ 35. Nxc3 $15) 33. Ke1 Nd4 ({Weaker is} 33... g4 34. Bc2 Qxc3+ 35. Nxc3) 34. Qc1 (34. Qd2 $17 Qxd2+ 35. Kxd2) 34... Qxc1+ $19 35. Nxc1 a4 ({Inferior is} 35... Rxb2 36. Rxa5 Rxa2 37. Rxa2 $17) 36. Ne2 Nxe2 ({Don't blunder} 36... Rxb2 $2 37. Nc3 $19) 37. Kxe2 Rxb2+ 38. Bc2 Rxa2 39. Rxa2 {[%emt 0:00:07][%mdl 4096] Endgame KRB-KRB} Rb4 40. Kd3 Kf8 41. Kc3 a5 42. Rb2 $2 (42. Ra1 {was worth a try.}) 42... Rxb2 43. Kxb2 {[%emt 0:00:27] KB-KB} Ke7 44. Ka3 Kd7 45. Bxa4 (45. Kb2 $142 Kc7 46. Bd3) 45... Bxa4 46. Kxa4 {[%emt 0:01:06] [#] KP-KP} Kc6 $1 47. Kxa5 Kc5 {[%emt 0:00:05] White must now prevent ...g4.} 48. Ka6 Kxc4 {[%emt 0:00:08] ( -> ...d5)} 49. Kb6 d5 {[%emt 0:00:04] Black mates.} 50. exd5 Kxd5 51. Kc7 f5 {[%emt 0:00:05] Black took control after the opening.  Weighted Error Value: White=0.78/Black=0.07 (flawless)} 0-1

[Event "Slovakian-ch Youth 2022"]
[Site "Lubovna"]
[Date "2022.05.23"]
[Round "4.5"]
[White "Demjan, David"]
[Black "Durana, Jonas"]
[Result "0-1"]
[ECO "A89"]
[WhiteElo "1375"]
[BlackElo "1644"]
[Annotator "NA COMBH"]
[PlyCount "61"]
[EventDate "2022.05.22"]
[EventCountry "SVK"]
[SourceTitle "playchess.com"]
[Source "ChessBase"]
[SourceQuality "1"]
[TimeControl "40/5400+30:1800+30"]

1. Nf3 f5 2. g3 g6 3. Bg2 Bg7 4. d4 Nf6 5. c4 O-O 6. O-O d6 7. Nc3 Nc6 8. e3 e5 9. d5 Ne7 10. Ne2 h6 11. h3 Kh8 12. Nh2 g5 13. f4 gxf4 14. exf4 e4 15. Be3 Rg8 16. Bd4 Qe8 17. Rf2 Qg6 18. h4 Nh5 19. Nf1 Bd7 20. Rc1 b6 21. b3 Rae8 22. Bh3 c5 23. Bc3 b5 24. Rg2 b4 25. Bxg7+ Qxg7 26. Nd2 Nf6 27. Kh2 Ng4+ 28. Bxg4 Qxg4 29. Ra1 Ng6 30. Qg1 Nxh4 31. Qf2 0-1

[Event "Slovakian-ch Youth 2022"]
[Site "Lubovna"]
[Date "2022.05.23"]
[Round "4.6"]
[White "Vadila, Ondrej"]
[Black "Nadzamova, Viktoria"]
[Result "1/2-1/2"]
[ECO "B47"]
[WhiteElo "2082"]
[BlackElo "2135"]
[Annotator "TA"]
[PlyCount "41"]
[EventDate "2022.05.22"]
[EventCountry "SVK"]
[SourceTitle "playchess.com"]
[Source "ChessBase"]
[SourceQuality "1"]
[TimeControl "40/5400+30:1800+30"]

1. e4 c5 2. Nf3 e6 3. d4 cxd4 4. Nxd4 Nc6 5. Nc3 Qc7 6. Nb3 a6 {[%emt 0:02:31] B47: Sicilian: Taimanov: 5 Nc3 Qc7 6 f4, 6 g3 and 6 Be2.} 7. a4 Nf6 8. g3 Bb4 {[%emt 0:02:36] [#] And now ...Nxe4 would win.} 9. Bg2 O-O 10. O-O Be7 (10... h6 $11 {was preferrable.}) 11. Be3 ({White should play} 11. a5 $14) 11... b6 {[%emt 0:03:22] [#]} 12. f4 $146 ({Predecessor:} 12. a5 bxa5 13. Nd5 exd5 14. exd5 Nb4 15. d6 Bxd6 16. Bxa8 Nxc2 17. Rc1 Nxe3 18. fxe3 {1-0 (41) Jansa,V (2521)-Ruiz Diez,J (2319) Spain 2006}) 12... Bb7 13. Qe2 d6 {[%emt 0:03:56] Against e5} ({Black should try} 13... Nb4 $11) 14. Rad1 {[%emt 0:05:44] White is more active.} Rad8 15. f5 exf5 16. exf5 Ne5 {[%emt 0:01:11] Inhibits g4.} 17. Bg5 Rfe8 18. Rfe1 {[%emt 0:06:41] [#]} (18. Bxf6 $11 Bxf6 19. Bxb7 Qxb7 20. Nd5) 18... Qc8 (18... d5 $1 $15) 19. Bxf6 $11 {[%emt 0:02:06] The position is equal.} Bxf6 20. Bxb7 Qxb7 21. Nd5 {[%emt 0:00:14] Weighted Error Value: White=0.20 (precise) /Black=0.22 (precise)} 1/2-1/2

[Event "Slovakian-ch Youth 2022"]
[Site "Lubovna"]
[Date "2022.05.23"]
[Round "4.6"]
[White "Vargosko, Juraj"]
[Black "Paholok, Adam"]
[Result "1-0"]
[ECO "A58"]
[WhiteElo "1640"]
[BlackElo "1449"]
[Annotator "NA COMBH"]
[PlyCount "121"]
[EventDate "2022.05.22"]
[EventCountry "SVK"]
[SourceTitle "playchess.com"]
[Source "ChessBase"]
[SourceQuality "1"]
[TimeControl "40/5400+30:1800+30"]

1. d4 Nf6 2. c4 c5 3. d5 b5 4. cxb5 a6 5. bxa6 g6 6. g3 d6 7. Bg2 Bxa6 8. Nc3 Bg7 9. e4 O-O 10. Nge2 Nbd7 11. O-O Qb6 12. f4 Ng4 13. Na4 Qa7 14. Bh3 Bxe2 15. Qxe2 Qxa4 16. Bxg4 Nf6 17. Bf3 Rfb8 18. e5 Nd7 19. e6 Bd4+ 20. Be3 Rxb2 21. Qd3 Nf6 22. exf7+ Kxf7 23. Bxd4 Qxd4+ 24. Qxd4 cxd4 25. Rf2 Rxf2 26. Kxf2 Ra5 27. a4 Nxd5 28. Bxd5+ Rxd5 29. a5 Rb5 30. a6 Rb8 31. Kf3 Ke6 32. Ke4 Kd7 33. Kxd4 Kc6 34. g4 e6 35. a7 Ra8 36. Ra6+ Kc7 37. Kc4 Kd7 38. Kb5 Kc7 39. h3 h6 40. h4 h5 41. g5 e5 42. fxe5 dxe5 43. Rxg6 e4 44. Ra6 Kb7 45. Ra3 Rxa7 46. Rxa7+ Kxa7 47. Kc4 Kb7 48. g6 Kc6 49. g7 e3 50. Kd3 e2 51. Kxe2 Kd5 52. g8=Q+ Ke5 53. Ke3 Kf6 54. Kf4 Ke7 55. Qd5 Kf6 56. Qe5+ Kg6 57. Qf5+ Kh6 58. Qg5+ Kh7 59. Kf5 Kh8 60. Kf6 Kh7 61. Qg7# 1-0

[Event "Slovakian-ch Youth 2022"]
[Site "Lubovna"]
[Date "2022.05.23"]
[Round "4.7"]
[White "Rucek, Kristian"]
[Black "Kapec, Kristian"]
[Result "1-0"]
[ECO "A52"]
[WhiteElo "2128"]
[BlackElo "1902"]
[Annotator "TA"]
[PlyCount "61"]
[EventDate "2022.05.22"]
[EventCountry "SVK"]
[SourceTitle "playchess.com"]
[Source "ChessBase"]
[SourceQuality "1"]
[TimeControl "40/5400+30:1800+30"]

1. d4 Nf6 2. c4 e5 3. dxe5 Ng4 4. e4 Nxe5 5. f4 Nec6 6. Nc3 {[%emt 0:00:13] A52: Budapest Gambit.} Bc5 {[%emt 0:00:50] Against Be3} 7. Na4 Bxg1 (7... Bb4+ $11 {remains equal.} 8. Kf2 Be7) 8. Rxg1 $16 {[%emt 0:00:02] White is better.} Qh4+ (8... Na6 $14) 9. g3 Qxh2 {[%emt 0:00:23] [#]} 10. Rg2 {[%emt 0:00:05] [#]} Qh3 $146 {[%emt 0:01:09] [#]} (10... Qh6 $142) ({Predecessor:} 10... Qh1 11. f5 O-O 12. Be3 Re8 13. Nc3 d6 14. Qe2 Ne5 15. O-O-O Qh3 16. Bf4 Bxf5 {1-0 (37) Anuj,S (2095)-Tan,J (1850) Tornelo INT 2021}) 11. f5 $1 {[%emt 0:03:00][%mdl 1024] White has strong compensation. White is more active.} Ne5 12. Bf4 Nbc6 13. Qd5 Nf3+ (13... f6 $16) 14. Kf2 $18 Nh2 {[%emt 0:03:01] [#]} (14... Nfd4 {is tougher.}) 15. Rxh2 $1 Qxh2+ 16. Bg2 g5 (16... d6 $2 17. Rh1 Qxh1 18. Bxh1) 17. Be5 ({Less strong is} 17. Rh1 Qxh1 18. Bxh1 gxf4 19. gxf4 b6 $18) 17... f6 18. Bxf6 {[%emt 0:00:53] Hoping for Rh1.} Rf8 19. Bg7 {[%emt 0:04:28] Against Qh6} Ne7 (19... Rf7 $2 20. Rh1 Qxh1 21. Bxh1 $18) 20. Qd4 {[%emt 0:05:07] Dancing on a razor blade.} Nxf5 $2 (20... Rf7 21. Rh1 Nxf5 22. Qe5+ Ne7+ 23. Bf6 d6) 21. Qe5+ Ne7+ 22. Bxf8 Kxf8 23. Rh1 Qxh1 24. Bxh1 {[%emt 0:00:02] Threatening mate with Qf6+.} Ng6 25. Qf6+ Kg8 26. e5 c6 {[%emt 0:00:17] Against Bd5+} 27. Be4 b5 28. Bxg6 {[%emt 0:00:10] White mates.} hxg6 29. Qxg6+ Kf8 30. Nc5 Rb8 31. Qd6+ {[%emt 0:00:06] Black got outplayed after the opening.  Weighted Error Value: White=0.19 (very precise) /Black=0.75} 1-0

[Event "Slovakian-ch Youth 2022"]
[Site "Lubovna"]
[Date "2022.05.23"]
[Round "4.7"]
[White "Gollner, Martin"]
[Black "Carnecky, Viliam"]
[Result "1-0"]
[ECO "B10"]
[WhiteElo "1585"]
[BlackElo "1380"]
[Annotator "NA COMBH"]
[PlyCount "55"]
[EventDate "2022.05.22"]
[EventCountry "SVK"]
[SourceTitle "playchess.com"]
[Source "ChessBase"]
[SourceQuality "1"]
[TimeControl "40/5400+30:1800+30"]

1. e4 c6 2. c4 d5 3. cxd5 cxd5 4. exd5 Qxd5 5. Nc3 Qd8 6. Nf3 Nc6 7. Bc4 Nf6 8. d4 e6 9. O-O Bd6 10. d5 exd5 11. Re1+ Ne7 12. Nxd5 Nfxd5 13. Qxd5 O-O 14. Qd3 Be6 15. Ng5 Bf5 16. Qb3 Bg6 17. Qxb7 h6 18. Ne4 Qa5 19. Bd2 Bxe4 20. Qxa8 Qxd2 21. Qxe4 Qxb2 22. Rab1 Qf6 23. Rb7 Bc5 24. Rxe7 Bxf2+ 25. Kh1 Bxe1 26. Qxe1 Qb6 27. Qf1 Qc5 28. Rxf7 1-0